 Dungeon Crawl Stone Soup version 0.21.1-1-g345015f (webtiles) character file.

6 poirepourri the Sneak (level 1, 0/9 HPs)
             Began as a Spriggan Enchanter on July 21, 2018.
             Slain by a bat (1 damage)
             ... on level 1 of the Dungeon.
             The game lasted 00:01:22 (823 turns).

poirepourri the Sneak (Spriggan Enchanter)           Turns: 823, Time: 00:01:23

Health: 0/9        AC:  3    Str:  4    XL:     1   Next: 75%
Magic:  5/5        EV: 18    Int: 16    God:
Gold:   15         SH:  0    Dex: 16    Spells: 4/5 levels left

rFire    . . .     SeeInvis +   a - +1 dagger
rCold    . . .     Gourm    .   (shield restricted)
rNeg     . . .     Faith    .   b - +0 robe
rPois    .         Spirit   .   g - +1 hat
rElec    .         Reflect  .   (no cloak)
rCorr    .         Harm     .   (gloves unavailable)
MR       .....                  (boots unavailable)
Stlth    +++.......             (no amulet)
HPRegen  0.03/turn              f - ring of wizardry
MPRegen  0.09/turn              (no ring)

@: very quick
A: very small, unfitting armour, see invisible, herbivore, speed 3, slow
metabolism 2
a: no special abilities


You were on level 1 of the Dungeon.
You were not hungry.

You visited 1 branch of the dungeon, and saw 1 of its levels.

You collected 15 gold pieces.

Inventory:

Hand Weapons
 a - a +1 dagger (weapon)
Missiles
 h - 2 needles of sleeping
Armour
 b - a +0 robe (worn)
 g - a +1 hat (worn)
Jewellery
 f - a ring of wizardry (left hand)
Scrolls
 e - a scroll of immolation {unknown}
 i - a scroll of remove curse
 j - a scroll of teleportation {unknown}
Books
 c - a book of Maledictions

   Spells                             Type                      Level
   a - Corona                         Hexes                        1
   b - Ensorcelled Hibernation        Hexes/Ice                    2
   c - Confuse                        Hexes                        3
   d - Tukima's Dance                 Hexes                        3
   e - Dazzling Spray                 Conjuration/Hexes            3
Comestibles
 d - 2 rations


   Skills:
 - Level 1.1 Short Blades
 - Level 3.0 Dodging
 + Level 5.2 Stealth
 - Level 2.6 Spellcasting
 - Level 3.6 Hexes


You had 4 spell levels left.
You knew the following spells:

 Your Spells              Type           Power        Failure   Level  Hunger
a - Corona                Hex            ##.....      1%          1    #......


Dungeon Overview and Level Annotations

Branches:
Dungeon (1/15)

Altars:


Innate Abilities, Weirdness & Mutations

You are very small and have problems with some larger weapons.
You are too small for most types of armour.
You have supernaturally acute eyesight. (SInv)
You are a herbivore.
You cover ground extremely quickly.
You need consume almost no food.


Message History

The bat hits you but does no damage. The bat closely misses you.
The bat closely misses you. The bat hits you but does no damage.
The bat completely misses you. The bat barely misses you.
The bat barely misses you. The bat closely misses you.
The bat barely misses you.
There is an open door here.
There's a creature in the doorway!
You barely miss the bat. The bat hits you.
* * * LOW HITPOINT WARNING * * *
There is an open door here.
You hit the bat.
The bat is severely wounded.
The bat hits you.
* * * LOW HITPOINT WARNING * * *
The bat hits you.
You die...

,,,*,**,* *,,,,,,,***,,,
.#.#,*#.# #....##..,,*,*
....,*#.# #....##.#,,,,*
.#.####.########## #....##.#,,,,*
.................# #....##..,,,,#
...#.............# #....##.#,**.#
?..#.............# #.......#.##.#
.r...............###...###.#....#
................@b.........#.....
#.g##.......g....##........#.....
#.r.+......r.....##..............
....#............###.............
..(.#............# #........#....
##.rg............# #........#....
.................# #........#,...
........########## #........#,,..
........# #.$......#,,.>


You could see a hobgoblin, a bat and a rat.

Vanquished Creatures
  A dart slug (D:1)
  A hobgoblin (D:1)
  A bat (D:1)
  A kobold (D:1)
  A rat (D:1)
5 creatures vanquished.

Notes
Turn   | Place    | Note
-------+----------+-------------------------------------------
     0 | D:1      | poirepourri the Spriggan Enchanter began the quest for the Orb.
     0 | D:1      | Reached XP level 1. HP: 9/9 MP: 5/5
   471 | D:1      | Reached skill level 5 in Stealth
   823 | D:1      | Slain by a bat

Skill      XL: |  1 |
---------------+----+-----
Stealth        | 5 |  5.2
Short Blades   | |  1.1
Dodging        | |  3.0
Spellcasting   | |  2.6
Hexes          | |  3.6

Action                   || total
-------------------------++-------
Melee: Dagger            ||    35
 Cast: Corona            ||     6
  Use: Scroll            ||     2
 Stab: Sleeping          ||     3
Armor: Robe              ||     4
Dodge: Dodged            ||    37
